 Dungeon Crawl Stone Soup version 0.32-a0-131-g9dbbe29261 (webtiles) character file.

Game seed: 9294872725061685091

807 Esekla the Covert (level 7, -1/46 (50) HPs)
             Began as an Octopode Delver on Feb 8, 2024.
             Was an Initiate of Gozag.
             Slain by a wight
             ... wielding a +4 long sword
              (10 damage)
             ... on level 4 of the Dungeon.
             The game lasted 00:40:15 (4448 turns).

Esekla the Covert (Octopode Delver)                 Turns: 4448, Time: 00:40:16

HP:   -1/46 (50)    AC:  1    Str: 11    XL:     7   Next: 92%
MP:   10/10         EV: 14    Int: 15    God:    Gozag
Gold: 1093          SH:  0    Dex: 13    Spells: 4/10 levels left

rFire   . . .        a - +0 scimitar
rCold   . . .        (no shield)
rNeg    . . .        (helmet restricted)
rPois   +            c - amulet of regeneration
rElec   .            C - ring of poison resistance
rCorr   .            (no ring)
SInv    .            (no ring)
Will    .....        (no ring)
Stlth   +++++        (no ring)
HPRegen 1.07/turn    (no ring)
MPRegen 0.12/turn    (no ring)
                     (no ring)

%: no passive effects
@: gold aura, drained
A: almost no armour, amphibious, 8 rings, camouflage 1, gelatinous body 1,
(nimble swimmer 1), tentacles
a: Renounce Religion, Potion Petition, Call Merchant, Bribe Branch


You were on level 4 of the Dungeon.
You worshipped Gozag.
Gozag was most pleased with you.
You visited 2 branches of the dungeon, and saw 6 of its levels.
You also visited: Sewer.

You collected 1102 gold pieces.
You paid 9 gold pieces to Gozag.

Inventory:

Hand Weapons
 a - a +0 scimitar (weapon)
 r - a +0 trident of holy wrath
 s - a +0 dagger of electrocution
 w - a +2 dagger of holy wrath
Missiles
 y - 8 poisoned darts
 B - 7 boomerangs (quivered)
Jewellery
 c - an amulet of regeneration (around mantle)
 m - a ring of ice
 C - a ring of poison resistance (left tentacle)
Wands
 f - a wand of digging (1)
 g - a wand of light (4)
 D - a wand of mindburst (4)
Scrolls
 b - 2 scrolls of fog
 d - a scroll of poison {unknown}
 e - a scroll of enchant weapon {unknown}
 h - 4 scrolls of revelation
 k - 2 scrolls of blinking {unknown}
 q - 4 scrolls of identify {unknown}
 t - a scroll of teleportation {unknown}
 v - a scroll of summoning {unknown}
 x - 2 scrolls of amnesia {unknown}
Potions
 i - 5 potions of heal wounds {unknown}
 j - a potion of might {unknown}
 l - a potion of haste
 n - 2 potions of degeneration {unknown}
 o - 3 potions of curing {unknown}
 p - a potion of berserk rage {unknown}
 u - a potion of cancellation {unknown}
 z - 2 potions of lignification {unknown}
 A - 2 potions of mutation {unknown}


   Skills:
 * Level 5.1 Fighting
 + Level 0.6(2.3) Short Blades
 + Level 3.6(3.7) Long Blades
 * Level 3.7 Dodging
 + Level 9.3 Stealth
 * Level 2.4 Spellcasting
 * Level 0.7 Necromancy
 * Level 1.1 Translocations


You had 4 spell levels left.
You knew the following spells:

 Your Spells              Type           Power      Damage    Failure   Level
b - Blink                 Tloc           10%        N/A       21%         2
u - Dispel Undead         Necr           3%         3d7       85%         4

Your spell library contained the following spells:

 Spells                   Type           Power      Damage    Failure   Level
 Kiss of Death            Conj/Necr      8%         2d6       19%         1
 Lesser Beckoning         Tloc           10%        N/A       21%         2
 Shock                    Conj/Air       4%         1d3       22%         1
 Momentum Strike          Conj/Tloc      6%         3d8       26%         2
 Confusing Touch          Hex            1%         N/A       54%         3
 Swiftness                Air            1%         N/A       54%         3
 Airstrike                Air            0%         2d(1-17)  91%         4


Dungeon Overview and Level Annotations

Branches:
Dungeon (5/15)             Temple (1/1) D:5           Sewer (visited)

Altars:
Ashenzari
Cheibriados
Dithmenos
Elyvilon
Fedhas
Gozag
Hepliaklqana
Nemelex Xobeh
Okawaru
Qazlal
Ru
Sif Muna
Trog
Vehumet
Wu Jian
Xom
Yredelemnul
Zin
The Shining One

Shops:
D:3 (   D:5 !

Annotations:
D:3 1 runed translucent door, Crazy Yiuf
D:5 Grinder, Pikel


Innate Abilities, Weirdness & Mutations

You cannot wear most types of armour.
You are amphibious.
You can wear up to eight rings at the same time.
Your skin changes colour to match your surroundings (Stealth+).
Your rubbery body absorbs attacks. (AC +1, EV +1)
((You are camouflaged when in or above water. (Stealth+)))
You have tentacles for arms and can constrict up to eight enemies at once.


Message History

a - a +0 scimitar (weapon)
You hit the wight. Your grab misses the wight.
The wight is moderately damaged.
The wight hits you with a +4 long sword.
You closely miss the wight. You grab the wight.
The wight is moderately damaged.
You constrict the wight, but do no damage.
The wight hits you with a +4 long sword!
The wight barely misses you. The wight misses you.
You hit the wight. You grab the wight.
The wight is moderately damaged.
You constrict the wight, but do no damage. x2
The wight closely misses you.
The wight hits you with a +4 long sword!
You feel drained.
You hit the wight.
The wight is moderately damaged.
You constrict the wight. x2; The wight barely misses you.
The wight hits you with a +4 long sword!
You feel drained.
Okay, then.
Okay, then.
Unknown command.
Press: ? - help, v - describe, . - travel
Here: a wight, wielding a +4 hand axe of freezing and wearing a +0 robe (moderately damaged, constricted by you)
The floor.
Unknown command.
Unknown command.
You barely miss the wight.
You squeeze the wight, but do no damage.
The wight is moderately damaged.
You constrict the wight, but do no damage.
You constrict the wight.
The wight hits you with a +4 hand axe of freezing.
* * * LOW HITPOINT WARNING * * *
The wight freezes you.
* * * LOW HITPOINT WARNING * * *
The wight hits you with a +4 long sword!
You die...
Your body crumbles into a pile of gold.

##.....##.....#.#####
############...# #..###
#.## #.# ###.# #...#
##########.### ####
##..z@.##.....#####...
#...$z.....)........<#
#...................###
#................####
#................#
#............>...#
#.........%...)..# #
#................# #
#..............## ###


You could see 2 wights.

Vanquished Creatures
  A phantom (D:3)
  2 brain worms (Sewer)
  A necrophage (Temple)
  A wight (D:4)
  2 hounds
  An orc priest (D:5)
  Ijyb (D:3)
  2 iguanas
  An orc wizard (D:4)
  Robin (D:3)
  9 adders
  6 river rats
  3 dart slugs
  2 ribbon worms (D:3)
  24 orcs
  3 bats
  9 endoplasms
  4 giant cockroaches
  18 goblins
  12 hobgoblins
  2 jackals (D:3)
  4 quokkas
  7 ball pythons
  14 frilled lizards
  5 kobolds
  8 rats
143 creatures vanquished.

Notes
Turn   | Place    | Note
-------+----------+-------------------------------------------
     0 | D:5      | Esekla the Octopode Delver began the quest for the Orb.
     0 | D:5      | Reached XP level 1. HP: 16/16 MP: 1/1
    20 | D:5      | Noticed a necrophage
    20 | D:5      | Noticed a necrophage
    20 | D:5      | Noticed a necrophage
    20 | D:5      | Noticed a necrophage
    67 | D:5      | Noticed a hound
    67 | D:5      | Noticed an iguana
    69 | D:5      | Noticed a lemure
    75 | D:5      | Killed a hound
    76 | D:5      | Reached skill level 7 in Stealth
    76 | D:5      | Reached XP level 2. HP: 18/21 MP: 1/3
    76 | D:5      | Reached XP level 3. HP: 22/26 MP: 1/4
    77 | D:5      | Noticed a lemure
    79 | D:5      | Noticed Pikel
    80 | D:5      | Reached skill level 1 in Spellcasting
    81 | D:5      | Noticed an ogre
    84 | D:5      | Noticed a lemure
   102 | D:5      | Noticed a two-headed ogre
   150 | D:5      | Noticed Grinder
   168 | D:5      | Found a staircase to the Ecumenical Temple.
   177 | Temple   | Entered the Ecumenical Temple
   183 | Temple   | Reached XP level 4. HP: 24/31 MP: 5/5
   198 | Temple   | Became a worshipper of Gozag Ym Sagoz the Greedy
   221 | Temple   | Killed a necrophage
   222 | Temple   | Reached XP level 5. HP: 34/37 MP: 5/7
   226 | D:5      | Paralysed by Grinder for 4 turns
   300 | D:5      | Found a glowing drain.
   310 | Sewer    | Entered a sewer
   449 | Sewer    | Reached skill level 8 in Stealth
   550 | Sewer    | Reached XP level 6. HP: 42/44 MP: 8/8
   879 | D:5      | Paralysed by Grinder for 3 turns
   981 | D:3      | Noticed Ijyb
  1028 | D:4      | Reached XP level 7. HP: 49/49 MP: 10/10
  1125 | D:3      | Found a bloodstained altar of Trog.
  2930 | D:3      | Reached skill level 5 in Fighting
  2943 | D:3      | Noticed Robin
  2984 | D:3      | Killed Robin
  3045 | D:3      | Found a runed translucent door.
  3046 | D:3      | Noticed Crazy Yiuf
  3192 | D:3      | Found Fofah's Antique Weapon Emporium.
  3362 | D:3      | Found a sacrificial altar of Ru.
  3363 | D:3      | Found a blossoming altar of Fedhas.
  3364 | D:3      | Found a basalt altar of Yredelemnul.
  3364 | D:3      | Found a glowing golden altar of the Shining One.
  3505 | D:3      | Learned a level 4 spell: Dispel Undead
  3508 | D:3      | Learned a level 2 spell: Blink
  3617 | D:3      | Killed Ijyb
  3618 | D:3      | Reached skill level 1 in Translocations
  4350 | D:4      | Found a shimmering blue altar of Sif Muna.
  4443 | D:4      | Reached skill level 9 in Stealth
  4448 | D:4      | Slain by a wight

Illustrated notes

Levels and vault maps discovered:
D:1:      amcnicky_arrival_choice, layout_basic, minmay_lizard_king
D:2:      layout_loops_corners, serial_glass, glass_columns_b, glass_columns_c,
          kennysheep_generic_room_8
D:3:      layout_loops_corners, chequers_temple_overflow_statue_of_worship,
          bloody_trog, serial_shops, shop, uniq_crazy_yiuf_cottage, uniq_ijyb,
          uniq_robin
D:4:      layout_rooms, amcnicky_altar_gilded, feat_on_display
D:5:      layout_basic, mainiacjoe_overflow_tiny_flanked,
          lemuel_mausoleum_altar_kikubaaqudgha, lemuel_temple_firewalk_a,
          gup_sewer_entry_bubbles, serial_shops, shop, uniq_grinder, uniq_pikel
Temple:   dshaligram_water_room_temple

Skill      XL: |  1  2  3  4  5  6  7 |
---------------+----------------------+-----
Stealth        | 7 8 9 |  9.3
Spellcasting   | 1 2 |  2.4
Fighting       | 4 5 |  5.1
Dodging        | 3 |  3.7
Long Blades    | 3 |  3.6
Translocations | 1 |  1.1
Short Blades   | |  0.6
Necromancy     | |  0.7

Action                     |  1- 3 |  4- 6 |  7- 9 || total
---------------------------+-------+-------+-------++-------
  Melee: Falchion          |    13 |    78 |       ||    91
         Tentacles         |     3 |    25 |    34 ||    62
         Constrict         |     3 |    25 |    42 ||    70
         Punch             |       |     6 |    12 ||    18
         Long sword        |       |    12 |    20 ||    32
         Dagger            |       |     1 |    67 ||    68
         Scimitar          |       |       |    92 ||    92
  Throw: Dart              |       |       |     1 ||     1
         Throwing net      |       |       |     1 ||     1
  Evoke: Wand              |     1 |     2 |       ||     3
    Use: Scroll            |     2 |       |       ||     2
         Potion            |     1 |       |       ||     1
   Stab: Sleeping          |       |     5 |    31 ||    36
         Invisible         |       |     1 |       ||     1
 Armour: Skin              |    21 |    42 |    53 ||   116
  Dodge: Dodged            |    22 |    60 |    83 ||   165

Table legend: (Time is in decaauts)
 A = Elapsed time spent in this place.
 B = Non-inter-level travel time spent in this place.
 C = Inter-level travel time spent in this place.
 D = Time resting spent in this place.
 E = Time spent auto-exploring this place.
 F = Levels seen in this place.
 G = Mean time per level.
                   A        B        C        D        E       F      G
               +--------+--------+--------+--------+--------+-----+--------+
         Total |   4454 |   4305 |    149 |     50 |   1383 |   7 |  636.3 |
       Dungeon |   3907 |   3773 |    134 |      9 |   1295 |   5 |  781.4 |
        Temple |     48 |     33 |     15 |      0 |      0 |   1 |   48.0 |
         Sewer |    498 |    498 |      0 |     41 |     88 |   1 |  498.0 |
               +--------+--------+--------+--------+--------+-----+--------+

Top non-repeatable levels by time:
     D:3: 1331 daAuts
     D:2: 877 daAuts
     D:1: 774 daAuts
     D:4: 553 daAuts
   Sewer: 498 daAuts
     D:5: 370 daAuts
  Temple: 48 daAuts
